 Dungeon Crawl Stone Soup version 0.30.1 (webtiles) character file.

Game seed: 13249333205291724382

116 Graphine the Shield-Bearer (level 5, -13/41 HPs)
             Began as a Human Fighter on July 10, 2023.
             Mangled by an ogre
             ... wielding a +0 giant club
              (22 damage)
             ... on level 4 of the Dungeon.
             The game lasted 00:05:58 (2908 turns).

Graphine the Shield-Bearer (Human Fighter)          Turns: 2908, Time: 00:05:59

Health: -13/41     AC:  8    Str: 18    XL:     5   Next: 21%
Magic:  5/5        EV:  9    Int:  8    God:
Gold:   173        SH:  6    Dex: 13    Spells: 4/4 levels left

rFire   + . .        p - +3 mace (holy)
rCold   . . .        c - +1 buckler
rNeg    . . .        b - +0 scale mail
rPois   .            j - +0 helmet
rElec   .            (no cloak)
rCorr   .            (no gloves)
SInv    +            (no boots)
Will    .....        n - amulet of the acrobat Stlth
                     f - ring of protection from fire
HPRegen 0.26/turn    m - ring of see invisible
MPRegen 0.09/turn

%: acrobat
@: no status effects
A: no striking features
a: no special abilities


You were on level 4 of the Dungeon.
You visited 1 branch of the dungeon, and saw 4 of its levels.

You collected 173 gold pieces.

Inventory:

Hand Weapons
 a - a +0 flail
 p - a +3 mace of holy wrath (weapon)
Armour
 b - a +0 scale mail (worn)
 c - a +1 buckler (worn)
 j - a +0 helmet (worn)
Jewellery
 f - a ring of protection from fire (left hand)
 i - a ring of protection from fire
 k - a ring of fire
 m - a ring of see invisible (right hand)
 n - an amulet of the acrobat (around neck)
 o - a ring of protection from cold
 r - a +6 ring of intelligence
Wands
 q - a wand of charming (2)
Scrolls
 l - a scroll of identify
 s - a scroll of magic mapping {unknown}
Potions
 d - a potion of might
 e - 2 potions of ambrosia
 g - a potion of attraction
 h - a potion of haste {unknown}


   Skills:
 + Level 3.5 Fighting
 * Level 3.3 Maces & Flails
 + Level 3.4 Armour
 + Level 1.4 Dodging
 + Level 3.5 Shields


You had 4 spell levels left.
You didn't know any spells.
Your spell library contained the following spells:

 Spells                   Type           Power      Damage    Failure   Level
 Freeze                   Ice            0%         1d3       86%         1
 Sublimation of Blood     Necr           0%         N/A       95%         2
 Wereblood                Tmut           0%         N/A       95%         2
 Frozen Ramparts          Ice            0%         1d1       99%         3
 Hailstorm                Conj/Ice       0%         3d3       99%         3
 Tukima's Dance           Hex            0%         N/A       99%         3
 Passage of Golubria      Tloc           0%         N/A       100%        4
 Yara's Violent Unravell  Hex/Tmut       0%         3d3       100%        5
 Summon Hydra             Summ           0%         N/A       100%        7
 Chain Lightning          Conj/Air       0%         N/A       100%        9
 Fire Storm               Conj/Fire      0%         5d1       100%        9
 Shatter                  Erth           0%         3d5*      100%        9


Dungeon Overview and Level Annotations

Branches:
Dungeon (4/15)
 Temple: D:4-7

Altars:
Hepliaklqana

Shops:
D:4 =

Annotations:
D:3 2 transporters


Message History

Found an escape hatch in the floor.
Found a stone staircase leading down.
There is an escape hatch in the floor here.
You now have 173 gold pieces (gained 16).
There is a stone staircase leading down here.
Found 2 poisoned darts.
An ogre comes into view. It is wielding a +0 giant club.
The ogre shouts!
An ogre is nearby!
Aiming: Charm
Press: ? - help, Shift-Dir - straight line, f - ogre
Aim: an ogre, wielding a +0 giant club (chance to affect: 49%)
The ogre resists with some effort.
The ogre closely misses you.
Aiming: Charm
Press: ? - help, Shift-Dir - straight line, f/p - ogre
Aim: an ogre, wielding a +0 giant club (chance to affect: 49%)
The ogre is charmed.
You swap places.
You see here 2 poisoned darts.
The ogre is no longer charmed.
The ogre misses you.
An ogre is nearby!
You hit the ogre.
The ogre is lightly wounded.
The ogre hits you with a +0 giant club!
You completely miss the ogre.
The ogre is lightly wounded.
The ogre hits you with a +0 giant club!!
* * * LOW HITPOINT WARNING * * *
Okay, then.
Aiming: Charm
Press: ? - help, Shift-Dir - straight line, f/p - ogre
Aim: an ogre, wielding a +0 giant club (lightly wounded, chance to affect: 49%)
The ogre resists with some effort.
Aiming: Charm
Press: ? - help, Shift-Dir - straight line, f/p - ogre
Aim: an ogre, wielding a +0 giant club (lightly wounded, chance to affect: 49%)
The ogre resists with some effort.
The ogre hits you with a +0 giant club!!
Ouch! That really hurt!
You die...

### #.. #.### #.#..
#.#.# ####### #.#.#
#.....# #.#.###.###.#
###########.#...@O....#
....>.......#..##.#####
####.##........#..(...#
#.##.######.#..###.#
#.##.# #.#..# #.#
##'##.# #.#..# #.#
###...#.# #.#..###.#
#.....#.# #.#..#...#
......#.######.#..#.###


You could see an ogre.

Vanquished Creatures
  A gnoll (D:1)
  An adder (D:4)
  A worm (D:2)
  A dart slug (D:1)
  3 orcs
  6 ball pythons
  9 endoplasms
  5 giant cockroaches
  7 goblins
  7 hobgoblins
  7 jackals
  11 kobolds
  5 quokkas
  5 bats
  3 frilled lizards
  7 rats
79 creatures vanquished.

Notes
Turn   | Place    | Note
-------+----------+-------------------------------------------
     0 | D:1      | Graphine the Human Fighter began the quest for the Orb.
     0 | D:1      | Reached XP level 1. HP: 18/18 MP: 1/1
    54 | D:1      | Reached XP level 2. HP: 24/24 MP: 2/2
   174 | D:1      | Reached XP level 3. HP: 26/29 MP: 3/3
   419 | D:1      | Reached skill level 1 in Dodging
   664 | D:1      | Reached XP level 4. HP: 35/35 MP: 4/4
  1947 | D:3      | Found a transporter.
  1950 | D:3      | Noticed a kobold demonologist
  1965 | D:3      | Found a transporter.
  1972 | D:3      | Reached XP level 5. HP: 41/41 MP: 5/5
  2667 | D:4      | Found a hazy altar of Hepliaklqana.
  2722 | D:4      | Found Asoiroeg's Jewellery Shop.
  2868 | D:4      | Noticed an ogre
  2908 | D:4      | Mangled by an ogre

Illustrated notes

Levels and vault maps discovered:
D:1:      co_arrival_hall_of_pillars, layout_loops_ring, minivault_19,
          skrybe_limestone_x
D:2:      minmay_wonky_spiral, layout_loops_cross
D:3:      gammafunk_wand_slinger, layout_loops_ring
D:4:      layout_basic, nicolae_hepliaklqana_hippocampus, serial_shops,
          nicolae_shop_tiny_glass, eino_small_chamber_without_monster

Skill      XL: |  1  2  3  4 |
---------------+-------------+-----
Dodging        | 1 |  1.4
Maces & Flails | 3 |  3.3
Fighting       | |  3.5
Armour         | |  3.4
Shields        | |  3.5

Action                     |  1- 3 |  4- 6 || total
---------------------------+-------+-------++-------
  Melee: Flail             |    91 |    71 ||   162
         Mace              |       |    67 ||    67
  Evoke: Wand              |       |     4 ||     4
    Use: Scroll            |       |     9 ||     9
 Armour: Scale mail        |    56 |    60 ||   116
  Dodge: Dodged            |    32 |    79 ||   111
  Block: Buckler           |    31 |    23 ||    54
